TOP OF THE 1ST |
Calgary Cowboys batting - Pitching for Mexico City Cerveceros : RHP António Rijo
|
Pitching: RHP António Rijo
|
|
Batting: RHB Jesús Hernández
|
0-0: Ground out 6-3 (Groundball, 6)
|
Batting: LHB Donald Schultz
|
0-0: Swinging Strike 0-1: Called Strike 0-2: Strikes out swinging
|
Batting: RHB Dan Wyatt
|
0-0: Foul Ball, location: 2F 0-1: Ball 1-1: Swinging Strike 1-2: Fly out, F9 (Flyball, 89S)
|
Top of the 1st over - 0 run(s), 0 hit(s), 0 error(s), 0 left on base; Calgary 0 - Mexico City 0 |
BOTTOM OF THE 1ST |
Mexico City Cerveceros batting - Pitching for Calgary Cowboys : RHP Lucas Taylor
|
Pitching: RHP Lucas Taylor
|
|
Batting: RHB Dan Mason
|
0-0: Bunt missed! 0-1: Ball 1-1: Swinging Strike 1-2: Foul Ball, location: 2F 1-2: Ball 2-2: Ball 3-2: Base on Balls
|
Batting: RHB Murai Ishihara
|
0-0: Called Strike 0-1: Ball 1-1: Ball 2-1: Ball Dan Mason steals 2nd base 3-1: SINGLE (Line Drive, 89M) Dan Mason to third
|
Batting: LHB Luka Lagerweij
|
0-0: Ball 1-0: Ball 2-0: Foul Ball, location: 2F 2-1: Foul Ball, location: 2F 2-2: Fly out, F2 (Popup, 23F)
|
Batting: RHB Dave Morgan
|
0-0: Fly out, F7 (Flyball, 7S)
|
Batting: LHB Eduardo Gómez
|
0-0: Ball 1-0: Ball 2-0: Ball 3-0: Called Strike 3-1: Fly out, F8 (Popup, 8LS)
|
Bottom of the 1st over - 0 run(s), 1 hit(s), 0 error(s), 2 left on base; Calgary 0 - Mexico City 0 |
TOP OF THE 2ND |
Calgary Cowboys batting - Pitching for Mexico City Cerveceros : RHP António Rijo
|
Batting: RHB Cristián Peńa
|
0-0: Called Strike 0-1: Foul Ball, location: 2F 0-2: Fly out, F9 (Flyball, 9LM)
|
Batting: LHB Al Ryan
|
0-0: Called Strike 0-1: Called Strike 0-2: Ball 1-2: Ground out 3-1 (Groundball, 3)
|
Batting: RHB Ramón Martínez
|
0-0: Swinging Strike 0-1: Swinging Strike 0-2: Strikes out swinging
|
Top of the 2nd over - 0 run(s), 0 hit(s), 0 error(s), 0 left on base; Calgary 0 - Mexico City 0 |
BOTTOM OF THE 2ND |
Mexico City Cerveceros batting - Pitching for Calgary Cowboys : RHP Lucas Taylor
|
Batting: LHB Chad Weaver
|
0-0: Foul Ball, location: 2F 0-1: Ball 1-1: Fly out, F6 (Popup, 6D)
|
Batting: RHB Iván Gonzáles
|
0-0: Ball 1-0: Called Strike 1-1: Swinging Strike 1-2: Foul Ball, location: 2F 1-2: Ball 2-2: Ball 3-2: Base on Balls
|
Batting: LHB Javier Escobedo
|
0-0: SINGLE (Line Drive, 34D) Iván Gonzáles to second Runner from 2nd tries for 3rd, SAFE, no throw or cutoff
|
Batting: RHB Robert Johnson
|
0-0: Ball 1-0: Swinging Strike 1-1: Fly out, F7 (Flyball, 7LM) Runner from 3rd tags up, SCORES, throw made
|
Batting: RHB Dan Mason
|
0-0: Ball 1-0: Hit by Pitch Javier Escobedo to second
|
Batting: RHB Murai Ishihara
|
0-0: Called Strike 0-1: Swinging Strike 0-2: Ground out 5-3 (Groundball, 56S)
|
Bottom of the 2nd over - 1 run(s), 1 hit(s), 0 error(s), 2 left on base; Calgary 0 - Mexico City 1 |
TOP OF THE 3RD |
Calgary Cowboys batting - Pitching for Mexico City Cerveceros : RHP António Rijo
|
Batting: RHB Shayne Burry
|
0-0: Foul Ball, location: 2F 0-1: Ball 1-1: Ball 2-1: Foul Ball, location: 2F 2-2: Ball 3-2: Foul Ball, location: 2F 3-2: Ground out 6-3 (Groundball, 56)
|
Batting: RHB Tom Yarbrough
|
0-0: Ball 1-0: DOUBLE (Line Drive, 89XD)
|
Batting: RHB Júlio Soto
|
0-0: Ball 1-0: Foul Ball, location: 2F 1-1: Ground out 5-3 (Groundball, 56)
|
Batting: RHB Jesús Hernández
|
0-0: Called Strike 0-1: Ball 1-1: DOUBLE (Flyball, 78M) Tom Yarbrough scores
|
Batting: LHB Donald Schultz
|
0-0: Ground out 4-3 (Groundball, 4)
|
Top of the 3rd over - 1 run(s), 2 hit(s), 0 error(s), 1 left on base; Calgary 1 - Mexico City 1 |
BOTTOM OF THE 3RD |
Mexico City Cerveceros batting - Pitching for Calgary Cowboys : RHP Lucas Taylor
|
Batting: LHB Luka Lagerweij
|
0-0: Ball 1-0: Foul Ball, location: 2F 1-1: Foul Ball, location: 2F 1-2: Ball 2-2: Ball 3-2: DOUBLE (Line Drive, 8LXD)
|
Batting: RHB Dave Morgan
|
0-0: Ball 1-0: Ball 2-0: Foul Ball, location: 2F 2-1: Swinging Strike 2-2: Ball 3-2: Foul Ball, location: 2F 3-2: Base on Balls
|
Batting: LHB Eduardo Gómez
|
0-0: Foul Ball, location: 2F 0-1: Ball 1-1: Ball 2-1: Called Strike 2-2: Foul Ball, location: 2F 2-2: Strikes out swinging
|
Batting: LHB Chad Weaver
|
0-0: Foul Ball, location: 2F 0-1: Ball 1-1: Swinging Strike 1-2: Strikes out swinging
|
Batting: RHB Iván Gonzáles
|
0-0: Ball 1-0: Ball 2-0: Swinging Strike 2-1: Foul Ball, location: 2F 2-2: Ball 3-2: Fly out, F9 (Flyball, 9M)
|
Bottom of the 3rd over - 0 run(s), 1 hit(s), 0 error(s), 2 left on base; Calgary 1 - Mexico City 1 |
TOP OF THE 4TH |
Calgary Cowboys batting - Pitching for Mexico City Cerveceros : RHP António Rijo
|
Batting: RHB Dan Wyatt
|
0-0: Ball 1-0: Reached on error, E6 (Groundball, 6M)
|
Batting: RHB Cristián Peńa
|
0-0: Called Strike 0-1: Ball 1-1: Ball 2-1: Foul Ball, location: 2F 2-2: Ball 3-2: Foul Ball, location: 2F 3-2: SINGLE (Flyball, 9S) Dan Wyatt to third
|
Batting: LHB Al Ryan
|
0-0: Ball 1-0: Foul Ball, location: 2F 1-1: Ball 2-1: Ball 3-1: Foul Ball, location: 2F 3-2: Base on Balls Cristián Peńa to second
|
Batting: RHB Ramón Martínez
|
0-0: Ball 1-0: Ball 2-0: Called Strike 2-1: Fly out, F8 (Line Drive, 8LD) Runner from 3rd tags up, SCORES, no throw
|
Batting: RHB Shayne Burry
|
0-0: Called Strike 0-1: Called Strike 0-2: Strikes out swinging
|
Batting: RHB Tom Yarbrough
|
0-0: Called Strike 0-1: Ball 1-1: Fly out, F4 (Popup, 4)
|
Top of the 4th over - 1 run(s), 1 hit(s), 1 error(s), 2 left on base; Calgary 2 - Mexico City 1 |
BOTTOM OF THE 4TH |
Mexico City Cerveceros batting - Pitching for Calgary Cowboys : RHP Lucas Taylor
|
Batting: LHB Javier Escobedo
|
0-0: Called Strike 0-1: Foul Ball, location: 2F 0-2: Ball 1-2: Ground out 6-3 (Groundball, 6M)
|
Batting: RHB Robert Johnson
|
0-0: Fly out, F9 (Flyball, 89M)
|
Batting: RHB Dan Mason
|
0-0: Foul Ball, location: 2F 0-1: Foul Ball, location: 2F 0-2: Ball 1-2: Ground out 4-3 (Groundball, 4)
|
Bottom of the 4th over - 0 run(s), 0 hit(s), 0 error(s), 0 left on base; Calgary 2 - Mexico City 1 |
TOP OF THE 5TH |
Calgary Cowboys batting - Pitching for Mexico City Cerveceros : RHP António Rijo
|
Batting: RHB Júlio Soto
|
0-0: Ball 1-0: Ball 2-0: Swinging Strike 2-1: Ground out 6-3 (Groundball, 6)
|
Batting: RHB Jesús Hernández
|
0-0: Hit by Pitch
|
Batting: LHB Donald Schultz
|
0-0: Ball 1-0: Ball 2-0: Reached on error, E4 (Groundball, 4) Jesús Hernández to second
|
Batting: RHB Dan Wyatt
|
0-0: Ball 1-0: Ball 2-0: Ball 3-0: Foul Ball, location: 2F 3-1: Fly out, F7 (Popup, 6D)
|
Batting: RHB Cristián Peńa
|
0-0: Ball 1-0: Foul Ball, location: 2F 1-1: Foul Ball, location: 2F 1-2: SINGLE (Groundball, 56D) Jesús Hernández to third Donald Schultz to second Runner from 3rd tries for Home, SAFE, no throw or cutoff
|
Batting: LHB Al Ryan
|
0-0: Ball 1-0: Foul Ball, location: 2F 1-1: Swinging Strike 1-2: Ball 2-2: Ball 3-2: Foul Ball, location: 2F 3-2: Base on Balls Donald Schultz to third Cristián Peńa to second
|
Batting: RHB Ramón Martínez
|
0-0: Ball 1-0: Fielders Choice at 2nd, U6 (Groundball, 6M)
|
Top of the 5th over - 1 run(s), 1 hit(s), 1 error(s), 3 left on base; Calgary 3 - Mexico City 1 |
BOTTOM OF THE 5TH |
Mexico City Cerveceros batting - Pitching for Calgary Cowboys : RHP Lucas Taylor
|
Batting: RHB Murai Ishihara
|
0-0: SINGLE (Flyball, 7S)
|
Batting: LHB Luka Lagerweij
|
0-0: Called Strike 0-1: Ball 1-1: Called Strike 1-2: Ball 2-2: 2-RUN HOME RUN (Flyball, 9D), Distance : 345 ft
|
Batting: RHB Dave Morgan
|
0-0: Ball 1-0: Ball 2-0: Foul Ball, location: 2F 2-1: Foul Ball, location: 2F 2-2: Ball 3-2: Foul Ball, location: 2F 3-2: Strikes out swinging
|
Batting: LHB Eduardo Gómez
|
0-0: Ground out 4-3 (Groundball, 4)
|
Batting: LHB Chad Weaver
|
0-0: Ball 1-0: Called Strike 1-1: Ball 2-1: Ball 3-1: Foul Ball, location: 2F 3-2: Strikes out looking
|
Bottom of the 5th over - 2 run(s), 2 hit(s), 0 error(s), 0 left on base; Calgary 3 - Mexico City 3 |
TOP OF THE 6TH |
Calgary Cowboys batting - Pitching for Mexico City Cerveceros : RHP António Rijo
|
Batting: RHB Shayne Burry
|
0-0: Called Strike 0-1: Ground out 5-3 (Groundball, 5S)
|
Batting: RHB Tom Yarbrough
|
0-0: Foul Ball, location: 2F 0-1: Ball 1-1: Ball 2-1: Called Strike 2-2: Ball 3-2: Strikes out swinging
|
Batting: RHB Júlio Soto
|
0-0: Ball 1-0: Foul Ball, location: 2F 1-1: Foul Ball, location: 2F 1-2: Ball 2-2: Foul Ball, location: 2F 2-2: Ground out 5-3 (Groundball, 56)
|
Top of the 6th over - 0 run(s), 0 hit(s), 0 error(s), 0 left on base; Calgary 3 - Mexico City 3 |
BOTTOM OF THE 6TH |
Mexico City Cerveceros batting - Pitching for Calgary Cowboys : RHP Lucas Taylor
|
Pitching: RHP Richard Boyd
|
|
Batting: RHB Iván Gonzáles
|
0-0: Called Strike 0-1: Swinging Strike 0-2: Ground out 6-3 (Groundball, 56)
|
Batting: LHB Javier Escobedo
|
0-0: Ball 1-0: Fly out, F8 (Flyball, 78M)
|
Batting: RHB Robert Johnson
|
0-0: Swinging Strike 0-1: Ball 1-1: Ball 2-1: Swinging Strike 2-2: Ball 3-2: Base on Balls
|
Batting: RHB Dan Mason
|
0-0: Ball Wild Pitch! Robert Johnson to second 1-0: Swinging Strike 1-1: Ball 2-1: SINGLE (Groundball, 5D) Robert Johnson to third
|
Batting: RHB Murai Ishihara
|
0-0: Ground out 5-3 (Groundball, 56)
|
Bottom of the 6th over - 0 run(s), 1 hit(s), 0 error(s), 2 left on base; Calgary 3 - Mexico City 3 |
TOP OF THE 7TH |
Calgary Cowboys batting - Pitching for Mexico City Cerveceros : RHP António Rijo
|
Pitching: RHP Josh Schmitt
|
|
Batting: RHB Jesús Hernández
|
0-0: Ball 1-0: SINGLE (Line Drive, 89S)
|
Batting: LHB Donald Schultz
|
0-0: Ball 1-0: Called Strike 1-1: Grounds into double play, 4-6-3 (Groundball, 4)
|
Batting: RHB Dan Wyatt
|
0-0: Called Strike 0-1: Ball 1-1: Foul Ball, location: 2F 1-2: Ball 2-2: Foul Ball, location: 2F 2-2: Ground out 5-3 (Groundball, 5S)
|
Top of the 7th over - 0 run(s), 1 hit(s), 0 error(s), 0 left on base; Calgary 3 - Mexico City 3 |
BOTTOM OF THE 7TH |
Mexico City Cerveceros batting - Pitching for Calgary Cowboys : RHP Richard Boyd
|
Batting: LHB Luka Lagerweij
|
0-0: Ball 1-0: Called Strike 1-1: Called Strike 1-2: Strikes out looking
|
Batting: RHB Dave Morgan
|
0-0: SINGLE (Groundball, 56D)
|
Batting: LHB Eduardo Gómez
|
0-0: Called Strike 0-1: Ball 1-1: Ball 2-1: Swinging Strike 2-2: Foul Ball, location: 2F 2-2: Foul Ball, location: 2F 2-2: 2-RUN HOME RUN (Line Drive, 89XD), Distance : 399 ft
|
Batting: LHB Chad Weaver
|
0-0: Ball 1-0: Ground out U3 (Groundball, 3S)
|
Batting: RHB Iván Gonzáles
|
0-0: Ball 1-0: Ball 2-0: Ball 3-0: Base on Balls
|
Batting: LHB Javier Escobedo
|
0-0: Called Strike 0-1: Ball 1-1: Ball 2-1: Called Strike 2-2: SINGLE (Groundball, 4MD) Iván Gonzáles to second Runner from 2nd tries for 3rd, SAFE, throw made to third
|
Batting: RHB Robert Johnson
|
0-0: SINGLE (Groundball, 4MD) Iván Gonzáles scores Javier Escobedo to second Runner from 2nd tries for 3rd, SAFE, throw made to third
|
Pitching: LHP Mario Rosário
|
|
Batting: RHB Dan Mason
|
0-0: Ball 1-0: Foul Ball, location: 2F 1-1: Foul Ball, location: 2F 1-2: Strikes out swinging
|
Bottom of the 7th over - 3 run(s), 4 hit(s), 0 error(s), 2 left on base; Calgary 3 - Mexico City 6 |
TOP OF THE 8TH |
Calgary Cowboys batting - Pitching for Mexico City Cerveceros : RHP Josh Schmitt
|
Now at C: Jorge González
|
|
Now at SS: Jesús Ramírez
|
|
Batting: RHB Cristián Peńa
|
0-0: Ground out 5-3 (Groundball, 56S)
|
Batting: LHB Al Ryan
|
0-0: Called Strike 0-1: Swinging Strike 0-2: Ball 1-2: Foul Ball, location: 2F 1-2: Ball 2-2: Fly out, F7 (Line Drive, 78S)
|
Batting: RHB Ramón Martínez
|
0-0: Called Strike 0-1: Ground out 4-3 (Groundball, 4)
|
Top of the 8th over - 0 run(s), 0 hit(s), 0 error(s), 0 left on base; Calgary 3 - Mexico City 6 |
BOTTOM OF THE 8TH |
Mexico City Cerveceros batting - Pitching for Calgary Cowboys : LHP Mario Rosário
|
Batting: RHB Murai Ishihara
|
0-0: SINGLE (Groundball, 56D) (infield hit)
|
Batting: LHB Luka Lagerweij
|
0-0: Ball 1-0: Ball 2-0: Swinging Strike 2-1: Foul Ball, location: 2F 2-2: Ball 3-2: Grounds out, U3 (Groundball, 3L)
|
Batting: RHB Dave Morgan
|
0-0: Intentional Walk
|
Batting: LHB Eduardo Gómez
|
0-0: Ball 1-0: Foul Ball, location: 2F 1-1: Ball 2-1: Ball Wild Pitch! Murai Ishihara to third Dave Morgan to second 3-1: Foul Ball, location: 2F 3-2: SINGLE (Groundball, 34D) Murai Ishihara scores Dave Morgan to third Runner from 3rd tries for Home, SAFE, throw made home Eduardo Gómez to second
|
Batting: LHB Chad Weaver
|
0-0: Swinging Strike 0-1: Ball 1-1: Swinging Strike 1-2: Strikes out looking
|
Batting: RHB Iván Gonzáles
|
0-0: Ball 1-0: Called Strike 1-1: Ball 2-1: Fly out, F6 (Line Drive, 6M)
|
Bottom of the 8th over - 2 run(s), 2 hit(s), 0 error(s), 1 left on base; Calgary 3 - Mexico City 8 |
TOP OF THE 9TH |
Calgary Cowboys batting - Pitching for Mexico City Cerveceros : RHP Josh Schmitt
|
Batting: RHB Shayne Burry
|
0-0: Called Strike 0-1: Ball 1-1: Foul Ball, location: 2F 1-2: Ball 2-2: Ground out 5-3 (Groundball, 56)
|
Batting: RHB Tom Yarbrough
|
0-0: Swinging Strike 0-1: Swinging Strike 0-2: Ball 1-2: Ball 2-2: Ball 3-2: Ground out 2-3 (Groundball, 2L)
|
Batting: RHB Júlio Soto
|
0-0: SINGLE (Groundball, 5L)
|
Batting: RHB Jesús Hernández
|
0-0: Called Strike 0-1: Swinging Strike 0-2: Ball 1-2: Fly out, F3 (Popup, 3D)
|
Top of the 9th over - 0 run(s), 1 hit(s), 0 error(s), 1 left on base; Calgary 3 - Mexico City 8 |
|